 Dungeon Crawl Stone Soup version 0.27.1-4-g1640c2035a (webtiles) character file.

Game seed: 14616957776670503990

1260 zeram the Ducker (level 8, -10/67 HPs)
             Began as a Troll Summoner on Nov 10, 2021.
             Was an Initiate of Gozag.
             Killed from afar by Maggie (16 damage)
             ... with a bolt of fire
             ... on level 6 of the Dungeon.
             The game lasted 00:12:54 (5328 turns).

zeram the Ducker (Troll Summoner)                   Turns: 5328, Time: 00:12:55

Health: -10/67     AC:  4    Str: 17    XL:     8   Next: 27%
Magic:  5/8        EV: 11    Int: 13    God:    Gozag
Gold:   679        SH:  5    Dex: 10    Spells: 3/9 levels left

rFire    . . .     SeeInvis .   o - +5 hand axe (vorpal)
rCold    + . .     Faith    .   (no shield)
rNeg     . . .     Spirit   .   a - +0 robe
rPois    .         Reflect  +   (helmet restricted)
rElec    .         Harm     .   h - scarf {shadows}
rCorr    .         Rampage  .   (gloves unavailable)
Will     .....                  (boots unavailable)
Stlth    +.........             j - amulet of reflection
HPRegen  1.21/turn              i - ring of protection from cold
MPRegen  0.11/turn              (no ring)

@: mesmerised
A: large, unfitting armour, claws 3, regeneration 1, shaggy fur 1, tough skin 1
a: Renounce Religion, Potion Petition, Call Merchant, Bribe Branch


You were on level 6 of the Dungeon.
You worshipped Gozag.
Gozag was pleased with you.
You visited 1 branch of the dungeon, and saw 6 of its levels.

You collected 717 gold pieces.
You paid 38 gold pieces to Gozag.

Inventory:

Hand Weapons
 g - a +1 flail
 o - a +5 vorpal hand axe (weapon)
Armour
 a - a +0 robe (worn)
 h - a scarf of shadows (worn)
Jewellery
 b - a ring of fire
 i - a ring of protection from cold (left claw)
 j - an amulet of reflection (around neck)
Scrolls
 f - 4 scrolls of identify
Potions
 c - 3 potions of attraction
 d - a potion of magic
 e - a potion of mutation {unknown}
 m - a potion of berserk rage


   Skills:
 - Level 5.2 Maces & Flails
 + Level 6.0 Dodging
 - Level 1.0 Stealth
 - Level 0.4 Shields
 - Level 1.2 Spellcasting
 + Level 4.1 Summonings


You had 3 spell levels left.
You knew the following spells:

 Your Spells              Type           Power      Damage    Failure   Level
a - Summon Small Mammal   Summ           44%        N/A       4%          1
b - Call Imp              Summ           11%        N/A       8%          2
c - Call Canine Familiar  Summ           11%        N/A       16%         3

Your spell library contained the following spells:

 Spells                   Type           Power      Damage    Failure   Level
 Corona                   Hex            0%         N/A       28%         1
 Summon Guardian Golem    Hex/Summ       6%         N/A       34%         3
 Ensorcelled Hibernation  Hex/Ice        0%         N/A       38%         2
 Ozocubu's Armour         Ice            0%         N/A       63%         3
 Tukima's Dance           Hex            0%         N/A       63%         3
 Summon Lightning Spire   Summ/Air       6%         N/A       75%         4
 Metabolic Englaciation   Hex/Ice        0%         N/A       100%        5
 Simulacrum               Ice/Necr       0%         N/A       100%        6


Dungeon Overview and Level Annotations

Branches:
Dungeon (6/15)             Temple (0/1) D:4

Altars:
Cheibriados
Gozag
Nemelex Xobeh
Okawaru
Trog
Uskayaw

Shops:
D:3 [   D:6 =

Annotations:
D:6 Maggie


Innate Abilities, Weirdness & Mutations

You are too large for most types of armour.
You have claws for hands.
Your natural rate of healing is unusually fast.
You are covered in fur. (AC +1)
You have tough skin. (AC +1)


Message History

Maggie zaps a wand.
You resist with some effort.
A water moccasin skeleton comes into view.
You hit Maggie.
Maggie is lightly wounded.
Maggie hits you with a +3 war axe of electrocution!
You are electrocuted!
Maggie hits you with a +3 war axe of electrocution!
You are electrocuted!
You are too injured to fight recklessly!
Unknown command.
You cannot move away from Maggie!
There are monsters nearby!
You cannot move away from Maggie!
You are too mesmerised to rage.
Okay, then.
Casting: Call Imp (safe; 8% risk of failure)
Confirm with . or Enter, or press ? or * to list all spells.
The water moccasin skeleton bites your hound.
Maggie casts a spell at you. The bolt of fire hits you!
* * * LOW HITPOINT WARNING * * *
Casting: Call Canine Familiar (dangerous; 16% risk of failure)
Confirm with . or Enter, or press ? or * to list all spells.
Okay, then.
You slash Maggie!
Maggie is moderately wounded.
The water moccasin skeleton closely misses your hound.
Your hound bites Maggie.
Maggie hits you with a +3 war axe of electrocution!
* * * LOW HITPOINT WARNING * * *
Maggie closely misses your hound.
You closely miss Maggie.
Maggie is moderately wounded.
Your hound closely misses Maggie.
The water moccasin skeleton misses your hound.
Your hound barely misses Maggie.
Maggie casts a spell at you. The bolt of fire hits you!
You die...
Your body crumbles into a pile of gold.

............
#...........
###......... .........
#..#...... .........
#..####### ........
#..# .......# ###..##
#...Z.# .##...###
#####..h.##
........####....@@...#
...............^####...
.....##......####
....####...### ....#
##..# ...## #..## ...#
##..# ...# #..# #..#
##..##


You could see Maggie (mesmerising, ally target), a water moccasin skeleton and a
friendly hound (summoned).

Vanquished Creatures
  Sigmund (D:4)
  A water moccasin (D:4)
  An ice beast (D:5)
  A black bear (D:5)
  A sky beast (D:5)
  2 ogres
  A necrophage (D:6)
  Blork the orc (D:5)
  2 scorpions
  A water moccasin zombie (D:5)
  A jelly (D:5)
  A bullfrog skeleton (D:5)
  A centaur skeleton (D:3)
  A hound zombie (D:5)
  A mummy (D:3)
  2 gnolls (D:4)
  6 adders
  A shadow imp (D:5)
  3 worms
  3 orcs (D:6)
  7 ball pythons
  6 endoplasms
  2 giant cockroaches (D:1)
  3 goblins
  8 hobgoblins
  8 jackals
  4 quokkas
  4 bats
  6 frilled lizards
  6 kobolds
  6 rats
92 creatures vanquished.

Vanquished Creatures (collateral kills)
  A gnoll (D:4)
  An adder (D:6)
2 creatures vanquished.

Grand Total: 94 creatures vanquished

Notes
Turn   | Place    | Note
-------+----------+-------------------------------------------
     0 | D:1      | zeram the Troll Summoner began the quest for the Orb.
     0 | D:1      | Reached XP level 1. HP: 16/16 MP: 1/1
   183 | D:1      | Reached XP level 2. HP: 24/24 MP: 2/2
   190 | D:1      | Found a faded altar of an unknown god.
   896 | D:2      | Found an opulent altar of Gozag.
   917 | D:2      | Became a worshipper of Gozag Ym Sagoz the Greedy
  1073 | D:2      | Reached XP level 3. HP: 25/31 MP: 3/3
  1121 | D:2      | Reached skill level 1 in Maces & Flails
  1126 | D:2      | Learned a level 2 spell: Call Imp
  1348 | D:2      | You fall into a shaft and drop 2 floors!
  1353 | D:4      | Found a staircase to the Ecumenical Temple.
  1353 | D:4      | Noticed Sigmund
  1453 | D:3      | Noticed a scorpion
  1512 | D:3      | Killed a scorpion
  1513 | D:3      | Reached skill level 2 in Dodging
  1513 | D:3      | Reached XP level 4. HP: 8/39 MP: 4/4
  1739 | D:3      | Found a bloodstained altar of Trog.
  1818 | D:3      | Found a snail-covered altar of Cheibriados.
  1836 | D:3      | Found Kicwimue's Armour Shoppe.
  1876 | D:2      | Reached XP level 5. HP: 41/45 MP: 5/5
  2649 | D:3      | Found a sparkling altar of Nemelex Xobeh.
  3042 | D:4      | Killed Sigmund
  3043 | D:4      | Reached skill level 3 in Dodging
  3043 | D:4      | Reached XP level 6. HP: 25/53 MP: 6/6
  3051 | D:4      | Learned a level 3 spell: Call Canine Familiar
  3128 | D:4      | Noticed a water moccasin
  3135 | D:4      | Killed a water moccasin
  3823 | D:5      | Entered Level 5 of the Dungeon
  3852 | D:5      | Reached skill level 5 in Maces & Flails
  3852 | D:5      | Reached XP level 7. HP: 58/59 MP: 7/7
  3873 | D:5      | Noticed Blork the orc
  3884 | D:5      | Killed Blork the orc
  3951 | D:5      | Reached skill level 4 in Dodging
  4070 | D:5      | Found a hide-covered altar of Uskayaw.
  4422 | D:5      | Reached skill level 5 in Dodging
  4754 | D:5      | Reached XP level 8. HP: 41/67 MP: 8/8
  5206 | D:6      | Reached skill level 6 in Dodging
  5280 | D:6      | Found Avef's Jewellery Boutique.
  5289 | D:6      | Found an iron altar of Okawaru.
  5321 | D:6      | Noticed Maggie
  5328 | D:6      | Killed from afar by Maggie

Illustrated notes

Levels and vault maps discovered:
D:1:      dpeg_arrival_boxorama, layout_basic,
          hellmonk_ecumenical_altar_lost_god
D:2:      layout_rooms, serial_co_window_serial, co_window_corner_a,
          co_window_cross_1, co_window_paths_a, co_window_paths_a,
          co_window_corner_a, co_window_corner_a, co_window_paths_b,
          co_window_broadway_b, co_window_corner_b, co_window_2corner,
          co_window_broadway_b, glass_columns_a, glass_columns_a, basic_altar
D:3:      minmay_skewed_foursquare, layout_basic,
          mainiacjoe_overflow_concentric_impassable, slow_altar_1,
          trog_three_pillars_becter, serial_shops, shop
D:4:      layout_basic, minmay_temple_entry_slanted, minmay_misc_feat_five,
          grunt_decor_clamped, uniq_sigmund
D:5:      layout_basic, kennysheep_little_box, uniq_blork_the_orc
D:6:      layout_layer_cave, general_overflow_altar, okawaru_ov_weapons_minmay,
          serial_shops, shop, uniq_duvessa, uniq_menkaure, uniq_pikel,
          uniq_maggie

Skill      XL: |  1  2  3  4  5  6  7  8 |
---------------+-------------------------+-----
Summonings     | 3 4 |  4.1
Maces & Flails | 2 4 5 |  5.2
Dodging        | 2 3 5 6 |  6.0
Stealth        | |  1.0
Shields        | |  0.4
Spellcasting   | |  1.2

Action                   |  1- 3 |  4- 6 |  7- 9 || total
-------------------------+-------+-------+-------++-------
Melee: Unarmed           |    19 |       |       ||    19
       Flail             |   127 |   211 |    17 ||   355
       Hand axe          |       |       |    87 ||    87
 Cast: Summon Small Mamm |     2 |       |       ||     2
       Call Imp          |       |     1 |     6 ||     7
       Call Canine Famil |       |     1 |     3 ||     4
  Use: Scroll            |     6 |     1 |     3 ||    10
       Potion            |     5 |     3 |       ||     8
 Stab: Sleeping          |     2 |     2 |     3 ||     7
Armor: Robe              |    66 |    54 |    22 ||   142
Dodge: Dodged            |   101 |   109 |    49 ||   259
Block: Other             |       |    30 |    18 ||    48
